 Dungeon Crawl Stone Soup version 0.28.0-49-g6dfe1f597d (console) character file.

Game seed: 17310039066258847766

1846 Faeu the Skirmisher (level 8, -1/111 HPs)
             Began as a Minotaur Berserker on May 14, 2022.
             Was a Priest of Trog.
             Slain by an orc warrior
             ... wielding a +0 glaive
              (22 damage)
             ... on level 7 of the Dungeon.
             The game lasted 00:09:35 (6554 turns).

Faeu the Skirmisher (Minotaur Berserker)            Turns: 6554, Time: 00:09:35

Health: -1/111     AC: 11    Str: 23    XL:     8   Next: 88%
Magic:  7/7        EV: 10    Int:  4    God:    Trog [***...]
Gold:   232        SH:  0    Dex: 11    Spells: 7/7 levels left

rFire   . . .      SeeInvis .   o - +5 flail (venom) {mace}
rCold   . . .      Faith    .   (no shield)
rNeg    . . .      Spirit   .   g - +0 chain mail
rPois   .          Reflect  .   (helmet restricted)
rElec   .          Harm     .   i - +0 cloak
rCorr   .          Rampage  .   (no gloves)
Will    .....                   (no boots)
Stlth   ..........              (no amulet)
HPRegen 0.28/turn               (no ring)
MPRegen 0.10/turn               (no ring)

@: berserking, very quick
A: horns 2, retaliatory headbutt
a: Renounce Religion, Berserk, Trog's Hand


You were on level 7 of the Dungeon.
You worshipped Trog.
Trog was most pleased with you.
You visited 1 branch of the dungeon, and saw 7 of its levels.
You also visited: Sewer.

You collected 232 gold pieces.


Innate Abilities, Weirdness & Mutations

You have a pair of horns on your head.
You reflexively headbutt those who attack you in melee.


   Skills:
 + Level 7.8 Fighting
 - Level 5.5(6.5) Axes
 + Level 5.2(6.4) Maces & Flails
 + Level 7.3 Armour
 + Level 6.6 Dodging


You had 7 spell levels left.
You didn't know any spells.
Your spell library contained the following spells:

 Spells                   Type           Power      Damage    Failure   Level
 Fulminant Prism          Conj/Hex       0%         3d6       100%        4
 Iskenderun's Mystic Bla  Conj/Tloc      0%         2d3       100%        4
 Lee's Rapid Deconstruct  Erth           0%         3d5*      100%        5

Inventory:

Hand Weapons
 a - a +0 hand axe {axe}
 h - a +2 quarterstaff of chaos {staff}
   (You took it off Crazy Yiuf on level 3 of the Dungeon)
 o - a +5 flail of venom (weapon) {mace}
   (You took it off Edmund on level 4 of the Dungeon)
Missiles
 x - 20 poisoned darts (quivered) {throwing}
Armour
 b - a +0 animal skin
 g - a +0 chain mail (worn)
   (You took it off Terence on level 3 of the Dungeon)
 i - a +0 cloak (worn)
   (You took it off Crazy Yiuf on level 3 of the Dungeon)
Jewellery
 l - a ring of ice
   (You found it on level 4 of the Dungeon)
 q - a ring of protection from cold
   (You found it on level 5 of the Dungeon)
 z - a +6 ring of dexterity
   (You found it on level 6 of the Dungeon)
Wands
 m - a wand of acid (5)
   (You found it on level 4 of the Dungeon)
 r - a wand of iceblast (15)
   (You found it on level 5 of the Dungeon)
Scrolls
 e - 2 scrolls of teleportation {unknown}
 k - 2 scrolls of immolation {unknown}
 n - a scroll of enchant armour {unknown}
 u - a scroll of vulnerability {unknown}
 y - a scroll of noise {unknown}
 A - a scroll of magic mapping {unknown}
Potions
 c - 5 potions of haste {@q3}
 d - a potion of resistance {unknown}
 f - a potion of curing {unknown}
 j - 2 potions of brilliance {unknown}
 p - a potion of degeneration {unknown}
 s - 2 potions of magic
 t - 2 potions of mutation {unknown}
 v - 2 potions of invisibility {unknown}
 w - 2 potions of heal wounds {unknown}

Dungeon Overview and Level Annotations

Branches:
Dungeon (7/15)              Sewer (visited)
 Temple: D:4-7

Altars:
Elyvilon
Gozag
Hepliaklqana
Nemelex Xobeh
Trog
Wu Jian

Shops:
D:4 (

Annotations:
D:2 Sigmund
D:4 3 runed translucent doors, 101zpm's ghost, novice DjFE; Artemis2's ghost, amateur DrIE; Eitelfritz's ghost, amateur DsGl; kalagan's ghost, amateur DjCj

...... .....
..... .......
..... ......
#... #...#
####...##...###
..............#
.......o......#
.......@).....#
........<.....#
+#########+####


You could see an orc warrior (extremely poisoned).


Message History

The orc wizard hits you but does no damage.
The howler monkey barely misses you. You furiously retaliate!
You headbutt the howler monkey. You sock the orc wizard!
You kill the orc wizard!
Trog accepts your kill.
Trog appreciates your killing of a magic user.
The howler monkey hits you but does no damage.
The howler monkey hits you.
* * * LOW HITPOINT WARNING * * *
😨 HP[-3]
You now have 111 max hp (+2).
You take 3 damage, and now have 41/111 hp.
You thump the howler monkey!
You kill the howler monkey!
Trog accepts your kill.
The howler monkey barely misses you. 😨 HP[+1]
You sock the howler monkey!
The howler monkey is poisoned.
The howler monkey hoots and howls with incredible vigour!
You thump the howler monkey!
The howler monkey looks as sick as possible!
You headbutt the howler monkey.
You kill the howler monkey!
Trog accepts your kill.
You closely miss the orc. You headbutt the orc!
You kill the orc!
Trog accepts your kill.
Unknown command.
Things that are here:
a +0 short sword {short}; a howler monkey corpse You feel a strong urge to attack something. 😨 HP[+1]
You are no longer berserk.
You are exhausted.
You feel yourself slow down.
Things that are here:
a +0 short sword {short}; a howler monkey corpse 😨 HP[-15]
You now have 74 max hp (-37).
There is a stone staircase leading down here. 😨 HP[+1]
You start resting.
You feel yourself speed up.
You recover from your berserk rage.
HP restored. 😎 HP[+45]
You climb downwards.
The orc barely misses you. The orc hits you with a +0 whip.
There is a stone staircase leading up, spattered with blood here. 😕 HP[-3]
You take 3 damage, and now have 71/74 hp.
You closely miss the orc. The orc hits you but does no damage.
You closely miss the orc. You headbutt the orc.
You kill the orc!
Trog accepts your kill.
The orc warrior hits you from afar with a +0 glaive. 😕 HP[-3]
You take 3 damage, and now have 68/74 hp.
You barely miss the orc priest. Your headbutt misses the orc priest.
The orc priest hits you but does no damage.
The orc warrior hits you from afar with a +0 glaive!!
The orc priest closely misses you. 😮 HP[-19]
You take 19 damage, and now have 49/74 hp.
MASSIVE DAMAGE!! (PAUSE)
You sock the orc priest!
You kill the orc priest!
Trog accepts your kill.
The orc warrior hits you from afar with a +0 glaive!
* * * LOW HITPOINT WARNING * * *
😨 HP[-14]
You take 14 damage, and now have 35/74 hp.
The orc warrior hits you but does no damage.
You barely miss the orc warrior.
The orc warrior closely misses you. 😨 HP[+1]
You sock the orc warrior!
The orc warrior hits you with a +0 glaive!
* * * LOW HITPOINT WARNING * * *
😨 HP[-16]
You take 16 damage, and now have 20/74 hp.
MASSIVE DAMAGE!! (PAUSE)
You hit the orc warrior but do no damage.
The orc warrior is poisoned.
You headbutt the orc warrior!
The orc warrior hits you with a +0 glaive!
* * * LOW HITPOINT WARNING * * *
😱 HP[-7]
You take 7 damage, and now have 13/74 hp.
A red film seems to cover your vision as you go berserk!
You feel yourself moving faster!
You feel mighty!
The orc warrior barely misses you. 😱 HP[+7]
You now have 111 max hp (+37).
You regained 7 hp, and now have 20/111 hp.
You barely miss the orc warrior. You headbutt the orc warrior.
The orc warrior misses you.
You hit the orc warrior.
The orc warrior looks as sick as possible!
The orc warrior hits you with a +0 glaive!!
You die...

Skill      XL: |  1  2  3  4  5  6  7  8 |
---------------+-------------------------+-----
Axes           | 4 5 |  5.5
Fighting       | 4 5 7 |  7.8
Armour         | 3 4 5 6 7 |  7.3
Dodging        | 3 4 5 6 |  6.6
Maces & Flails | 1 4 5 |  5.2

Action                   |  1- 3 |  4- 6 |  7- 9 || total
-------------------------+-------+-------+-------++-------
Melee: Hand axe          |    86 |    57 |       ||   143
       Headbutt          |    15 |     9 |    23 ||    47
       Flail             |       |    13 |   141 ||   154
       Punch             |       |       |     1 ||     1
Invok: Berserk           |       |     4 |     3 ||     7
  Use: Potion            |     2 |       |       ||     2
 Stab: Sleeping          |     1 |       |       ||     1
Armor: Animal skin       |    15 |       |       ||    15
       Chain mail        |       |    30 |   128 ||   158
Dodge: Dodged            |    68 |    35 |    75 ||   178

Levels and vault maps discovered:
D:1:      dpeg_arrival_pits, layout_rooms, ebering_ecumenical_altar_mist,
          serial_bayou_ford_a, wad_woods_river_04
D:2:      layout_loops_ring, kennysheep_generic_room_14, uniq_sigmund
D:3:      minmay_recursive_quarters, layout_basic,
          gammafunk_temple_overflow_statue, overflow_temple_1_default,
          grunt_ministairs_12, minmay_misc_feat_pillars, serial_bayou_lake_a,
          uniq_terence, uniq_crazy_yiuf_cottage
D:4:      nicolae_cairo_tiling_large_dashed, layout_basic, serial_shops, shop,
          gammafunk_ghost_cemetery, uniq_duvessa, uniq_edmund
D:5:      layout_loops_corners, mainiacjoe_overflow_cross_hatched,
          elyvilon_altar_4, minmay_misc_feat_secret_circle
D:6:      layout_basic, mainiacjoe_overflow_tiny_flanked, portal_sewer_entry_e,
          minmay_misc_feat_enclosed
D:7:      layout_gridville, minmay_temple_entry_gardened_gates, uniq_harold

Notes
Turn   | Place    | Note
-------+----------+-------------------------------------------
     0 | D:1      | Faeu the Minotaur Berserker began the quest for the Orb.
     0 | D:1      | Reached XP level 1. HP: 19/19 MP: 0/0
     0 | D:1      | magus.rc [v1.9.6]
   274 | D:1      | Found a faded altar of an unknown god.
   278 | D:1      | Reached XP level 2. HP: 27/27 MP: 1/1
   464 | D:1      | Reached skill level 4 in Axes
   470 | D:1      | Reached skill level 4 in Fighting
   697 | D:1      | Reached ** piety under Trog
   698 | D:1      | Reached skill level 3 in Armour
   755 | D:1      | Reached XP level 3. HP: 33/33 MP: 2/2
   897 | D:2      | Noticed Sigmund
   903 | D:3      | Found a sparkling altar of Nemelex Xobeh.
  1243 | D:3      | Found a runed translucent door.
  1244 | D:3      | Noticed Crazy Yiuf
  1599 | D:3      | HP: 8/33 [adder (1)]
  1599 | D:3      | HP: 2/33 [worm (6)]
  1609 | D:3      | Reached skill level 3 in Dodging
  1931 | D:3      | Reached XP level 4. HP: 32/41 MP: 3/3
  2064 | D:3      | Noticed Terence
  2075 | D:3      | Killed Terence
  2303 | D:3      | Found a bloodstained altar of Trog.
  2304 | D:3      | Found a hazy altar of Hepliaklqana.
  2871 | D:3      | HP: 10/41 [Crazy Yiuf/+2 quarterstaff of chaos (13)]
  2875 | D:3      | Killed Crazy Yiuf
  2876 | D:3      | Reached XP level 5. HP: 15/47 MP: 4/4
  3157 | D:4      | Found Noash's Weapon Boutique.
  3358 | D:4      | Noticed Duvessa
  3358 | D:4      | Noticed Dowan
  3363 | D:4      | Killed Duvessa
  3364 | D:4      | Reached skill level 5 in Fighting
  3364 | D:4      | Reached skill level 5 in Axes
  3364 | D:4      | Reached skill level 4 in Armour
  3368 | D:4      | Killed Dowan
  3369 | D:4      | Reached XP level 6. HP: 56/56 MP: 5/5
  3448 | D:4      | Noticed Edmund
  3453 | D:4      | Killed Edmund
  3454 | D:4      | Reached skill level 4 in Dodging
  3521 | D:4      | Found a runed translucent gate.
  3521 | D:4      | Found a runed translucent gate.
  3521 | D:4      | Found a runed translucent gate.
  3522 | D:4      | Noticed 101zpm's ghost (novice DjFE)
  3522 | D:4      | Noticed kalagan's ghost (amateur DjCj)
  3523 | D:4      | Noticed Artemis2's ghost (amateur DrIE)
  3523 | D:4      | Noticed Eitelfritz's ghost (amateur DsGl)
  3809 | D:5      | Entered Level 5 of the Dungeon
  3848 | D:5      | You pick up a book of Blasting {forbidden} and begin
                  | reading...
  3848 | D:5      | You add the spells Fulminant Prism, Iskenderun's Mystic
                  | Blast and Lee's Rapid Deconstruction to your library.
  4044 | D:5      | Reached skill level 1 in Maces & Flails
  4044 | D:5      | Reached skill level 5 in Armour
  4044 | D:5      | Reached XP level 7. HP: 55/62 MP: 6/6
  4127 | D:5      | Found an ornate altar of the Wu Jian Council.
  4239 | D:5      | Reached skill level 6 in Fighting
  4239 | D:5      | Reached skill level 2 in Maces & Flails
  4563 | D:5      | Reached skill level 5 in Dodging
  4581 | D:5      | Found a white marble altar of Elyvilon.
  4815 | D:6      | Reached skill level 3 in Maces & Flails
  4843 | D:6      | Found an opulent altar of Gozag.
  4944 | D:6      | Reached skill level 6 in Armour
  5024 | D:6      | Reached skill level 7 in Fighting
  5024 | D:6      | Reached skill level 4 in Maces & Flails
  5024 | D:6      | Reached XP level 8. HP: 42/73 MP: 7/7
  5120 | D:6      | Found a glowing drain.
  5126 | Sewer    | Entered a sewer
  5250 | Sewer    | Reached *** piety under Trog
  5260 | Sewer    | Reached skill level 6 in Dodging
  5691 | D:6      | Reached skill level 7 in Armour
  5828 | D:6      | Reached skill level 5 in Maces & Flails
  6551 | D:7      | HP: 13/74 [orc warrior/+0 glaive (7)]
  6554 | D:7      | Slain by an orc warrior

Vanquished Creatures
  Edmund (D:4)
  Duvessa (D:4)
  A sky beast (D:5)
  A black bear (D:5)
  A necrophage (D:6)
  A centaur (D:6)
  2 kobold brigands (Sewer)
  A scorpion (D:5)
  Dowan (D:4)
  5 howler monkeys
  2 centaur zombies (D:6)
  4 hounds
  Crazy Yiuf (D:3)
  2 orc priests
  An iguana (D:5)
  Terence (D:3)
  An orc wizard (D:6)
  A hound skeleton (D:5)
  8 adders
  2 river rats (D:6)
  A white imp (D:6)
  An adder skeleton (D:4)
  A worm (D:3)
  A dart slug (D:3)
  7 orcs
  8 endoplasms
  5 giant cockroaches
  5 goblins
  7 hobgoblins
  4 jackals (D:3)
  15 kobolds
  3 quokkas
  13 ball pythons
  8 bats
  5 frilled lizards (D:3)
  8 rats
130 creatures vanquished.

Vanquished Creatures (others)
  A quokka (D:5)
  13 plants
  2 withered plants (D:4)
16 creatures vanquished.

Grand Total: 146 creatures vanquished

Table legend:
 A = Non-vault XP
 B = Vault XP
 C = Vault XP percentage of total XP
 D = Non-vault monster count
 E = Vault monster count
 F = Vault count percentage of total count
                 A         B        C        D         E       F
            +---------+---------+-------+---------+---------+-------
      Total |    1895 |     743 |  28.2 |      85 |      45 |  34.6
            +---------+---------+-------+---------+---------+-------
        D:1 |      41 |       0 |   0.0 |      27 |       0 |   0.0
        D:3 |      73 |      95 |  56.5 |      22 |       9 |  29.0
        D:4 |      14 |     365 |  96.3 |       6 |       3 |  33.3
        D:5 |     568 |       0 |   0.0 |      11 |       0 |   0.0
        D:6 |    1101 |      46 |   4.0 |      16 |       8 |  33.3
        D:7 |      98 |       0 |   0.0 |       3 |       0 |   0.0
      Sewer |       0 |     237 | 100.0 |       0 |      25 | 100.0
            +---------+---------+-------+---------+---------+-------

Illustrated notes

Table legend:
 A = Kills in this place as a percentage of kills in entire the game.
 B = Kills by you in this place as a percentage of kills by you in the entire game.
 C = Kills by friends in this place as a percentage of kills by friends in the entire game.
 D = Other kills in this place as a percentage of other kills in the entire game.
 E = Experience gained in this place as a percentage of experience gained in the entire game.
 F = Experience gained in this place divided by the number of levels of this place that you have seen.
                   A       B       C       D       E      F
               +-------+-------+-------+-------+-------+----------------------
         Total | 100.0 | 100.0 |   N/A |   N/A | 100.0 | 329.8
       Dungeon |  80.8 |  80.8 |   N/A |   N/A |  91.0 | 343.0
         Sewer |  19.2 |  19.2 |   N/A |   N/A |   9.0 | 237.0
               +-------+-------+-------+-------+-------+----------------------

Table legend: (Time is in decaauts)
 A = Elapsed time spent in this place.
 B = Non-inter-level travel time spent in this place.
 C = Inter-level travel time spent in this place.
 D = Time resting spent in this place.
 E = Time spent auto-exploring this place.
 F = Levels seen in this place.
 G = Mean time per level.
                   A        B        C        D        E       F      G
               +--------+--------+--------+--------+--------+-----+--------+
         Total |   6715 |   6506 |    209 |    690 |   4816 |   8 |  839.4 |
       Dungeon |   6190 |   5981 |    209 |    587 |   4515 |   7 |  884.3 |
         Sewer |    524 |    524 |      0 |    103 |    300 |   1 |  524.0 |
               +--------+--------+--------+--------+--------+-----+--------+

Top non-repeatable levels by time:
     D:3: 2264 daAuts
     D:6: 1283 daAuts
     D:5: 983 daAuts
     D:1: 915 daAuts
     D:4: 672 daAuts
   Sewer: 524 daAuts
     D:2: 45 daAuts
     D:7: 26 daAuts
